AoeStats
← Ai1738

Black Forest

510056797Analyzed
4v4 RM · 4d ago on Sep 29, 2026· 53m 3s· 8 players
Game mode
Random Map
Map size
Large (8 player)
Population
200
Speed
Normal
Resources
Standard
Victory
Conquest
Starting age
Dark Age
Ending age
Imperial Age
RankedLock teamsTeams togetherTeam positionsShared explorationLock speedFull tech treeHidden civsTurbo modeCheats
Victory
Defeat
🇫🇷 Chinese · France
1073
+14
🇵🇱 Italians · Poland
1047
+15
🇺🇸 Bengalis · United States
1045
+15
🇦🇺 Britons · Australia
979
+17
🇦🇺 Khmer · Australia
1033
-17
🇦🇺 Britons · Australia
1025
-15
🇦🇺 Teutons · Australia
1024
-15
🇦🇺 Bohemians · Australia
997
-14
KBP
9:54 Feudal Age
11:41 Double-Bit Axe
18:14 Castle Age
18:20 Castle Age
18:35 Wheelbarrow
18:38 Loom
18:40 Town Watch
31:36 Imperial Age
30:14 Caravan
31:48 Chemistry
31:04 Masonry
31:48 Hand Cart
31:37 Town Patrol
31:50 Houfnice
37:26 Architecture
40:46 Siege Engineers
43:59 Bombard Tower
43:59 Ballistics
✪ Sonicaii
6:54 Loom
10:14 Feudal Age
15:27 Double-Bit Axe
16:12 Horse Collar
24:04 Castle Age
22:25 Gold Mining
33:47 Stone Mining
33:55 Fletching
39:26 Bow Saw
39:17 Heavy Plow
43:47 Crossbowman
48:28 Imperial Age
48:35 Arbalester
Ai1738
14:14 Feudal Age
18:32 Castle Age
18:23 Double-Bit Axe
20:16 Loom
21:07 Wheelbarrow
21:01 Bow Saw
25:59 Scale Barding Armor
26:05 Forging
28:44 Chain Barding Armor
29:21 Iron Casting
29:51 Bloodlines
37:02 Imperial Age
37:14 Cavalier
39:11 Blast Furnace
39:02 Plate Barding Armor
38:57 Hand Cart
40:23 Chemistry
41:30 Paladin
K4
10:08 Feudal Age
16:15 Castle Age
15:43 Horse Collar
15:52 Double-Bit Axe
24:41 Bow Saw
24:38 Heavy Plow
29:12 Gold Mining
29:13 Stone Mining
30:51 Wheelbarrow
33:43 Imperial Age
33:37 Hand Cart
33:08 Loom
33:08 Town Watch
33:14 Loom
34:07 Masonry
34:07 Fortified Wall
34:18 Ballistics
34:46 Heavy Scorpion
37:15 Chemistry
38:46 Capped Ram
42:25 Siege Ram
MK 9
1:48 Loom
11:47 Feudal Age
12:18 Double-Bit Axe
14:09 Town Watch
16:07 Horse Collar
23:01 Castle Age
21:46 Fishing Lines
22:06 Gold Mining
22:06 Stone Mining
22:17 Fletching
23:07 Wheelbarrow
24:17 Gillnets
25:27 Bow Saw
27:16 Heavy Plow
28:57 Gold Shaft Mining
28:39 Bodkin Arrow
31:30 Imperial Age
29:45 Hand Cart
30:03 Ballistics
29:54 Fortified Wall
29:57 Masonry
30:46 Padded Archer Armor
32:47 Conscription
32:35 Bracer
32:50 Leather Archer Armor
33:16 Squires
33:01 Arson
33:31 Forging
33:21 Scale Mail Armor
36:47 Two-Man Saw
37:51 Onager
39:50 Chain Mail Armor
40:11 Iron Casting
39:41 Scale Barding Armor
40:06 Ring Archer Armor
41:09 Chemistry
40:27 Siege Engineers
41:07 Pikeman
42:03 Elite Elephant Archer
43:01 Halberdier
44:45 Blast Furnace
44:06 Chain Barding Armor
48:11 Caravan
48:09 Murder Holes
48:45 Architecture
53:01 Paiks
52:19 Elite Ratha (Ranged)
LArcadia49
0:58 Loom
12:52 Feudal Age
18:24 Castle Age
19:33 Forging
20:50 Wheelbarrow
20:01 Town Watch
20:10 Double-Bit Axe
20:16 Horse Collar
22:16 Bloodlines
22:14 Scale Barding Armor
23:03 Gold Mining
23:27 Bow Saw
23:53 Fletching
24:05 Padded Archer Armor
25:52 Husbandry
26:56 Iron Casting
26:20 Fishing Lines
29:44 Gold Shaft Mining
32:16 Chain Barding Armor
33:45 Hand Cart
34:33 Gillnets
36:01 Light Cavalry
39:56 Imperial Age
38:58 Heavy Plow
41:39 Chemistry
41:00 Ballistics
40:52 Fortified Wall
40:55 Masonry
41:20 Conscription
40:39 Cavalier
41:58 Plate Barding Armor
42:24 Blast Furnace
43:11 Two-Man Saw
45:05 Elite Fire Lancer
45:31 Arson
45:47 Squires
47:04 Scale Mail Armor
Angry Womble
11:28 Feudal Age
15:55 Castle Age
14:09 Stone Mining
14:29 Double-Bit Axe
22:31 Gold Mining
25:18 Horse Collar
29:38 Imperial Age
27:07 Fletching
28:22 Bodkin Arrow
28:28 Padded Archer Armor
30:30 Gold Shaft Mining
30:21 Yeomen
30:37 Bow Saw
31:10 Conscription
31:42 Fishing Lines
33:04 Caravan
35:02 Elite Longbowman
38:42 Ballistics
39:30 Chemistry
40:44 Leather Archer Armor
41:12 Wheelbarrow
40:23 Town Watch
52:17 Hand Cart
GreatKnot19365
1:00 Loom
12:26 Feudal Age
18:57 Castle Age
18:15 Fletching
22:54 Double-Bit Axe
25:38 Padded Archer Armor
26:50 Bodkin Arrow
31:37 Thumb Ring
34:18 Squires
34:37 Leather Archer Armor
35:20 Ballistics
39:31 Imperial Age
39:17 Bow Saw
39:56 Wheelbarrow
41:13 Chemistry
43:02 Bracer
46:06 Elite Genoese Crossbowman
48:52 Arrowslits
49:41 Ring Archer Armor
51:08 Hand Cart
53:02 Two-Man Saw
Connection lost

Rejoining the realm…

Still unreachable

The connection could not be restored.

Session expired

The server has moved on; the page needs a fresh start.